 Dungeon Crawl Stone Soup version 0.31-a0-596-g831eee08f1 (webtiles) character file.

Game seed: 8672462689302082890

765 Ofeo the Magician (level 8, 0/50 HPs)
             Began as a Djinni Conjurer on Aug 20, 2023.
             Was an Initiate of Gozag.
             Killed by an exploding fulminant prism (18 damage)
             ... on level 6 of the Dungeon.
             The game lasted 00:05:36 (7059 turns).

Ofeo the Magician (Djinni Conjurer)                 Turns: 7059, Time: 00:05:37

Health: 0/50       AC:  2    Str:  6    XL:     8   Next: 8%
Gold:   395        EV: 12    Int: 22    God:    Gozag SH:  0 Dex: 12

rFire   + + .        (no weapon)
rCold   x . .        (no shield)
rNeg    . . .        a - +0 robe
rPois   ∞            (no helmet)
rElec   .            (no cloak)
rCorr   .            (no gloves)
SInv    +            (boots unavailable)
Will    .....        (no amulet)
Stlth   ++           l - ring of see invisible
HPRegen 0.28/turn    (no ring)
MPRegen 0.00/turn

%: infuse magic (-1 HP)
@: gold aura, flying
A: sickness immunity, fire resistance 2, cold vulnerability 1, float, innate
caster, HP casting, extra vitality 1
a: Renounce Religion, Potion Petition, Call Merchant, Bribe Branch


You were on level 6 of the Dungeon.
You worshipped Gozag.
Gozag was aware of your devotion.
You visited 2 branches of the dungeon, and saw 7 of its levels.

You collected 449 gold pieces.
You paid 54 gold pieces to Gozag.

Inventory:

Missiles
 r - 2 throwing nets
Armour
 a - a +0 robe (worn)
Jewellery
 e - a ring of fire
 l - a ring of see invisible (left hand)
Wands
 v - a wand of flame (17)
Scrolls
 b - 2 scrolls of silence {unknown}
 d - 2 scrolls of teleportation {unknown}
 f - 3 scrolls of blinking {unknown}
 g - a scroll of poison {unknown}
 j - 2 scrolls of fear {unknown}
 m - 3 scrolls of revelation {unknown}
 o - 2 scrolls of butterflies {unknown}
 q - a scroll of enchant weapon {unknown}
 s - 2 scrolls of identify {unknown}
Potions
 c - a potion of ambrosia {unknown}
 h - 3 potions of attraction {unknown}
 i - 4 potions of degeneration {unknown}
 k - a potion of mutation {unknown}
 n - a potion of invisibility {unknown}
 p - 2 potions of haste {unknown}
 t - a potion of curing {unknown}
 u - a potion of heal wounds {unknown}
 w - a potion of brilliance {unknown}


   Skills:
 - Level 2.9 Dodging
 - Level 2.2 Stealth
 + Level 6.9 Spellcasting
 + Level 6.9 Conjurations
 + Level 6.9 Hexes
   Level 0.0 Charms
 + Level 6.9 Summonings
 + Level 6.9 Necromancy
 + Level 6.9 Translocations
 + Level 6.9 Transmutations
 + Level 6.9 Fire Magic
 + Level 6.9 Ice Magic
 + Level 6.9 Air Magic
 + Level 6.9 Earth Magic
 + Level 6.9 Poison Magic


You knew the following spells:

 Your Spells              Type           Power      Damage    Failure   Level
a - Magic Dart            Conj           100%       1d8       1%          1
b - Searing Ray           Conj           76%        2d7       1%          2
c - Dazzling Flash        Conj/Hex       76%        N/A       1%          3
d - Fulminant Prism       Conj/Hex       19%        3d10      4%          4
e - Iskenderun's Mystic   Conj/Tloc      38%        2d9       4%          4
f - Slow                  Hex            100%       N/A       1%          1
g - Poisonous Vapours     Pois/Air       76%        N/A       1%          2
h - Summon Guardian Gole  Hex/Summ       38%        N/A       1%          3
Your spell library was empty.

Dungeon Overview and Level Annotations

Branches:
Dungeon (6/15)             Temple (1/1) D:4

Altars:
Ashenzari
Dithmenos
Elyvilon
Fedhas
Gozag
Hepliaklqana
Makhleb
Nemelex Xobeh
Okawaru
Qazlal
Ru
Trog
Uskayaw
Wu Jian
Xom
Yredelemnul
Zin
The Shining One


Innate Abilities, Weirdness & Mutations

You are immune to sickness and miasma.
You are immune to poison.
Your flesh is very heat resistant. (rF++)
You are vulnerable to cold. (rC-)
You float through the air rather than walking.
You learn spells naturally, not from books.
Your magical power is your life essence.
You have superior vitality. (+4 MHP)


Message History

The magic dart hits the phantom but does no damage.
The phantom is almost destroyed.
The phantom closely misses you.
You take 1 damage, and have 33/45 hp.
Casting: Magic Dart (safe; 1% risk of failure)
Confirm with . or Enter, or press ? or * to list all spells.
You erupt in a blast of force!
The mystic blast hits the phantom!
You destroy the phantom!
You have reached level 8!
You feel agile.
Unknown command.
A white imp is nearby!
A white imp is nearby!
A white imp is nearby!
A white imp is nearby!
A white imp is nearby!
The white imp hits you. The white imp freezes you.
You feel a terrible chill!
You see here 9 gold pieces.
You take 9 damage, and have 25/50 hp.
Casting: Iskenderun's Mystic Blast (dangerous; 4% risk of failure)
Confirm with . or Enter, or press ? or * to list all spells.
You erupt in a blast of force!
The mystic blast hits the white imp!
The white imp is heavily wounded.
The white imp is knocked back by the mystic blast.
You take 3 damage, and have 22/50 hp.
Unknown command.
Casting: Iskenderun's Mystic Blast (dangerous; 4% risk of failure)
Confirm with . or Enter, or press ? or * to list all spells.
Aiming: Fulminant Prism (dangerous; 4% risk of failure)
Press: ? - help, Dir - move target You conjure a prism of explosive energy!
A fulminant prism comes into view.
You take 4 damage, and have 18/50 hp.
The white imp gestures at you.
The puff of frost hits your fulminant prism.
Your fulminant prism resists.
Your fulminant prism crackles loudly.
You hear an explosion!
You feel a bit more experienced. The blast of energy engulfs you!!
You die...
Your body crumbles into a pile of gold.

####......:....#
....#######.####
###.# #...# #.#
#.### ####
#.##....§......#
.....##.#..###.#
.... #.#..# #.#
... #.....##.#
..... ###...##@#
. ###...##.#
.....5*$.#
#####.#### #


There were no monsters in sight!

Vanquished Creatures
  2 phantoms
  A scorpion (D:6)
  2 howler monkeys
  3 hounds (D:5)
  2 jellies (D:4)
  3 orc priests
  A sleepcap (D:5)
  3 orc wizards
  3 adders
  A white imp (D:6)
  2 worms
  5 dart slugs
  19 orcs
  4 endoplasms
  5 giant cockroaches
  8 goblins
  4 hobgoblins
  4 jackals (D:1)
  4 quokkas
  9 ball pythons
  4 bats
  A frilled lizard (D:3)
  4 kobolds
  2 rats
96 creatures vanquished.

Vanquished Creatures (others)
  A fulminant prism (D:6)
1 creature vanquished.

Grand Total: 97 creatures vanquished

Notes
Turn   | Place    | Note
-------+----------+-------------------------------------------
     0 | D:1      | Ofeo the Djinni Conjurer began the quest for the Orb.
     0 | D:1      | Ofeo set off with the following spells memorised: Magic
                  | Dart, Searing Ray, Dazzling Flash, Fulminant Prism,
                  | Iskenderun's Mystic Blast.
     0 | D:1      | Reached XP level 1. HP: 15/15 MP: 0/0
   282 | D:1      | Reached XP level 2. HP: 16/21 MP: 0/0
  1374 | D:2      | Reached XP level 3. HP: 24/25 MP: 0/0
  1374 | D:2      | Learned a level 1 spell: Slow
  1594 | D:3      | Reached XP level 4. HP: 9/31 MP: 0/0
  3038 | D:3      | Reached XP level 5. HP: 21/35 MP: 0/0
  3038 | D:3      | Learned a level 2 spell: Poisonous Vapours
  3165 | D:3      | Found an iron altar of Okawaru.
  3260 | D:3      | Found a bloodstained altar of Trog.
  3704 | D:4      | Reached XP level 6. HP: 22/40 MP: 0/0
  3975 | D:4      | Identified the +0 leather armour of Tulips {-Tele rF+ MP+9
                  | Str+4 Stlth+}
  3990 | D:4      | Reached skill level 5 in Spellcasting
  3990 | D:4      | Reached skill level 5 in Conjurations
  3990 | D:4      | Reached skill level 5 in Hexes
  3990 | D:4      | Reached skill level 5 in Summonings
  3990 | D:4      | Reached skill level 5 in Necromancy
  3990 | D:4      | Reached skill level 5 in Translocations
  3990 | D:4      | Reached skill level 5 in Transmutations
  3990 | D:4      | Reached skill level 5 in Fire Magic
  3990 | D:4      | Reached skill level 5 in Ice Magic
  3990 | D:4      | Reached skill level 5 in Air Magic
  3990 | D:4      | Reached skill level 5 in Earth Magic
  3990 | D:4      | Reached skill level 5 in Poison Magic
  4751 | D:4      | Found a staircase to the Ecumenical Temple.
  4763 | Temple   | Entered the Ecumenical Temple
  4790 | Temple   | Became a worshipper of Gozag Ym Sagoz the Greedy
  4863 | D:4      | Reached XP level 7. HP: 25/45 MP: 0/0
  4863 | D:4      | Learned a level 3 spell: Summon Guardian Golem
  5272 | D:5      | Entered Level 5 of the Dungeon
  6332 | D:5      | Found a blossoming altar of Fedhas.
  6639 | D:5      | Found a stormy altar of Qazlal.
  6996 | D:6      | Found a sparkling altar of Nemelex Xobeh.
  7050 | D:6      | Reached XP level 8. HP: 33/50 MP: 0/0
  7059 | D:6      | Killed by an exploding fulminant prism

Illustrated notes

Levels and vault maps discovered:
D:1:      lightli_arrival_boilingwater, layout_basic
D:2:      layout_basic
D:3:      layout_basic, mainiacjoe_overflow_alcove_1, trog_hazing_becter,
          kennysheep_generic_room_4
D:4:      layout_loops_ring, minmay_temple_entry_poolview, st_stairs_4
D:5:      layout_basic, grunt_qazlal_clouds, fedhas_altar_3
D:6:      layout_loops_cross, mainiacjoe_overflow_paths, minmay_misc_feat_rugged
Temple:   jpeg_temple_clearing

Skill      XL: |  1  2  3  4  5  6  7 |
---------------+----------------------+-----
Stealth        | 2 |  2.2
Spellcasting   | 4 5 6 |  6.9
Conjurations   | 4 5 6 |  6.9
Hexes          | 4 5 6 |  6.9
Summonings     | 4 5 6 |  6.9
Necromancy     | 4 5 6 |  6.9
Translocations | 4 5 6 |  6.9
Transmutations | 4 5 6 |  6.9
Fire Magic     | 4 5 6 |  6.9
Ice Magic      | 4 5 6 |  6.9
Air Magic      | 4 5 6 |  6.9
Earth Magic    | 4 5 6 |  6.9
Poison Magic   | 4 5 6 |  6.9
Dodging        | |  2.9

Action                     |  1- 3 |  4- 6 |  7- 9 || total
---------------------------+-------+-------+-------++-------
  Melee: Unarmed           |    11 |       |     4 ||    15
   Cast: Magic Dart        |    47 |    94 |    45 ||   186
         Searing Ray       |     2 |     6 |    11 ||    19
         Iskenderun's Myst |       |     2 |     2 ||     4
         Dazzling Flash    |       |     1 |       ||     1
         Fulminant Prism   |       |       |     1 ||     1
    Use: Potion            |     1 |       |       ||     1
 Armour: Robe              |     5 |     5 |     4 ||    14
  Dodge: Dodged            |    18 |    22 |    18 ||    58

Table legend: (Time is in decaauts)
 A = Elapsed time spent in this place.
 B = Non-inter-level travel time spent in this place.
 C = Inter-level travel time spent in this place.
 D = Time resting spent in this place.
 E = Time spent auto-exploring this place.
 F = Levels seen in this place.
 G = Mean time per level.
                   A        B        C        D        E       F      G
               +--------+--------+--------+--------+--------+-----+--------+
         Total |   7058 |   6800 |    258 |    977 |   5294 |   7 | 1008.3 |
       Dungeon |   7012 |   6789 |    223 |    977 |   5285 |   6 | 1168.7 |
        Temple |     45 |     10 |     35 |      0 |      9 |   1 |   45.0 |
               +--------+--------+--------+--------+--------+-----+--------+

Top non-repeatable levels by time:
     D:3: 1869 daAuts
     D:5: 1556 daAuts
     D:4: 1394 daAuts
     D:1: 1277 daAuts
     D:2: 685 daAuts
     D:6: 229 daAuts
  Temple: 45 daAuts
